 Dungeon Crawl Stone Soup version 0.25-a0-167-g836c352ace (webtiles) character file.

Game seed: 15554669503147317845, levelgen mode: deterministic

513 vurker the Grave Robber (level 7, -2/52 HPs)
             Began as a Demonspawn Necromancer on Nov 25, 2019.
             Slain by Grinder (4 damage)
             ... on level 4 of the Dungeon.
             The game lasted 00:09:30 (6355 turns).

vurker the Grave Robber (Demonspawn Necromancer)    Turns: 6355, Time: 00:09:30

Health: -2/52      AC:  6    Str:  8    XL:     7   Next: 0%
Magic:  10/13      EV: 12    Int: 19    God:
Gold:   235        SH:  0    Dex: 13    Spells: 4/15 levels left

rFire    . . .     SeeInvis .   l - +3 dagger (venom)
rCold    . . .     Gourm    .   (no shield)
rNeg     . . .     Faith    .   a - +1 robe
rPois    .         Spirit   .   g - +0 helmet
rElec    .         Reflect  .   (no cloak)
rCorr    .         Harm     .   (no gloves)
MR       .....                  (no boots)
Stlth    ++........             (no amulet)
HPRegen  0.17/turn              (no ring)
MPRegen  0.13/turn              (no ring)

@: no status effects
A: claws 1, slimy green scales 1
a: no special abilities


You were on level 4 of the Dungeon.
You were not hungry.

You visited 1 branch of the dungeon, and saw 4 of its levels.

You collected 235 gold pieces.

Inventory:

Hand Weapons
 l - a +3 dagger of venom (weapon)
   (You took it off a goblin on level 2 of the Dungeon)
Armour
 a - a +1 robe (worn)
 g - a +0 helmet (worn)
   (You found it on level 4 of the Dungeon)
Wands
 k - a wand of scattershot (5)
   (You found it on level 4 of the Dungeon)
Scrolls
 c - a scroll of remove curse
 d - 4 scrolls of teleportation
 h - 2 scrolls of identify
 n - a scroll of fear
Potions
 b - 5 potions of curing
 f - a potion of ambrosia {unknown}
 i - a potion of invisibility {unknown}
 j - a potion of degeneration {unknown}
 o - a potion of mutation {unknown}
 p - 2 potions of agility {unknown}
Comestibles
 e - 5 rations


   Skills:
 + Level 3.0 Fighting
 - Level 1.7 Dodging
 - Level 1.7 Stealth
 * Level 4.6 Spellcasting
 * Level 6.7 Necromancy


You had 4 spell levels left.
You knew the following spells:

 Your Spells              Type           Power        Failure   Level  Hunger
a - Pain                  Necr           ####         1%          1    None
b - Animate Dead          Necr           N/A          8%          4    ####...
q - Regeneration          Chrm/Necr      ###.......   10%         3    ###....
z - Vampiric Draining     Necr           ####......   2%          3    ###....

Your spell library contained the following spells:

 Spells                   Type           Power        Failure   Level  Hunger
 Animate Skeleton         Necr           N/A          1%          1    None


Dungeon Overview and Level Annotations

Branches:
Dungeon (4/15)
 Temple: D:4-7

Altars:
Gozag
Qazlal
Sif Muna
Wu Jian

Annotations:
D:4 Grinder


Innate Abilities, Weirdness & Mutations

You have sharp fingernails.
You are partially covered in slimy green scales. (AC +2)


Message History

You swap places.
Found a lumpy ruby potion.
Edmund crumbles into dust!
i - a lumpy ruby potion
Things that are here:
a +1 flail of crushing; a +0 scale mail
Found 26 stones.
Found a scroll of identify.
Found a stormy altar of Qazlal.
You see here 26 stones.
h - 2 scrolls of identify (gained 1)
A frilled lizard comes into view.
Aim: a frilled lizard (resting, chance to defeat MR: 93%)
The frilled lizard hisses angrily.
The frilled lizard writhes in agony.
You kill the frilled lizard!
You have reached level 7!
Grinder comes into view.
Grinder shouts!
You call on the dead to rise...
The dead are walking!
Grinder drinks a potion.
Grinder seems to speed up.
You can't see any susceptible monsters within range! (Use Z to cast anyway.)
You can't see any susceptible monsters within range! (Use Z to cast anyway.)
You can't see any susceptible monsters within range! (Use Z to cast anyway.)
You barely miss Grinder.
Grinder blinks!
Grinder hits you.
You writhe in agony.
Grinder hits you.
You writhe in agony.
Your frilled lizard zombie barely misses Grinder.
You barely miss Grinder. Grinder closely misses you.
You closely miss Grinder. Grinder hits you!
You writhe in agony.
* * * LOW HITPOINT WARNING * * *
Your frilled lizard zombie closely misses Grinder.
Grinder misses you.
You hit Grinder but do no damage. Grinder gestures at you.
You resist with significant effort.
Your frilled lizard zombie bites Grinder.
You closely miss Grinder. Grinder gestures at you.
You resist with significant effort.
Your frilled lizard zombie bites Grinder but does no damage.
Grinder gestures at you. You resist with significant effort.
You hit Grinder. Grinder hits you.
* * * LOW HITPOINT WARNING * * *
You writhe in agony.
* * * LOW HITPOINT WARNING * * *
Your frilled lizard zombie closely misses Grinder.
You hit Grinder. Grinder hits you!
* * * LOW HITPOINT WARNING * * *
You writhe in agony.
You die...

##.###.# # #.# #.# #.#
##.# #. ###.####.# #.#
##.# #.##○...§##.# #.#
##.#
#..#.....##.#########.#
...#
#....._......(........#
#..###
##.....#..###########
....... # #§...°#..#
#...#..####.####5####.#
#..............Z@####.#
###.#.................#
# .##.################
# .# .. # # . #


You could see Grinder and a friendly frilled lizard zombie.

Vanquished Creatures
  Edmund (D:4)
  2 scorpions (D:4)
  3 orc priests (D:3)
  A worker ant (D:4)
  A hound skeleton (D:4)
  6 adders
  5 worms
  5 dart slugs
  4 leopard geckos
  6 orcs
  2 ball pythons
  6 bats
  6 giant cockroaches
  8 goblins
  7 hobgoblins
  6 frilled lizards
  15 kobolds
  10 rats
94 creatures vanquished.

Vanquished Creatures (collateral kills)
  A goblin (D:2)
  2 hobgoblins
  A rat (D:1)
4 creatures vanquished.

Grand Total: 98 creatures vanquished

Notes
Turn   | Place    | Note
-------+----------+-------------------------------------------
     0 | D:1      | vurker the Demonspawn Necromancer began the quest for the
                  | Orb.
     0 | D:1      | Reached XP level 1. HP: 13/13 MP: 3/3
     5 | D:1      | Learned a level 1 spell: Animate Skeleton
   436 | D:1      | Gained mutation: You are partially covered in slimy green
                  | scales. (AC +2) [demonic ancestry]
   436 | D:1      | Reached XP level 2. HP: 20/20 MP: 3/5
  1273 | D:2      | Found an opulent altar of Gozag.
  1481 | D:2      | Reached XP level 3. HP: 25/25 MP: 6/6
  1486 | D:2      | Learned a level 3 spell: Vampiric Draining
  1492 | D:2      | Reached skill level 1 in Fighting
  1628 | D:2      | Reached skill level 5 in Necromancy
  2711 | D:2      | Gained mutation: You have sharp fingernails. [demonic
                  | ancestry]
  2711 | D:2      | Reached XP level 4. HP: 26/32 MP: 1/8
  2945 | D:3      | Learned a level 3 spell: Regeneration
  2969 | D:3      | Found a shimmering blue altar of Sif Muna.
  3797 | D:3      | You fall into a shaft and drop 1 floor!
  3820 | D:4      | Reached XP level 5. HP: 26/38 MP: 5/10
  4331 | D:4      | Noticed Edmund
  4685 | D:3      | Reached skill level 6 in Necromancy
  4801 | D:3      | Reached XP level 6. HP: 23/45 MP: 0/11
  5383 | D:3      | Found an ornate altar of the Wu Jian Council.
  5674 | D:3      | Learned a level 4 spell: Animate Dead
  6041 | D:4      | Killed Edmund
  6317 | D:4      | Found a stormy altar of Qazlal.
  6327 | D:4      | Reached XP level 7. HP: 52/52 MP: 11/13
  6343 | D:4      | Noticed Grinder
  6355 | D:4      | HP: 2/52 [Grinder (9)]
  6355 | D:4      | Slain by Grinder

Levels and vault maps discovered:
D:1:      moated_graveyard_arrival, layout_basic, minivault_25,
          chequers_serial_rivers_room_b
D:2:      layout_basic, nicolae_gozag_cash_rules_everything_around_me
D:3:      layout_basic, nicolae_overflow_hidden_temple, marbit_many_paths,
          st_stairs_3
D:4:      layout_loops_ring, grunt_qazlal_clouds, first_ration, uniq_edmund,
          uniq_grinder, uniq_eustachio

Skill      XL: |  1  2  3  4  5  6 |
---------------+-------------------+-----
Fighting       | 1 2 3 |  3.0
Necromancy     | 5 6 |  6.7
Spellcasting   | 3 4 |  4.6
Dodging        | |  1.7
Stealth        | |  1.7

Action                   |  1- 3 |  4- 6 |  7- 9 || total
-------------------------+-------+-------+-------++-------
Melee: Dagger            |    12 |    55 |     7 ||    74
       Unarmed           |     1 |       |       ||     1
 Cast: Pain              |    84 |    87 |     1 ||   172
       Animate Skeleton  |    16 |     9 |       ||    25
       Vampiric Draining |       |    10 |       ||    10
       Animate Dead      |       |     3 |     1 ||     4
  Use: Scroll            |       |     8 |       ||     8
  Eat: Chunk             |     6 |    13 |       ||    19
Armor: Robe              |     4 |    19 |       ||    23
Dodge: Dodged            |    14 |    53 |     2 ||    69

Table legend:
 A = Non-vault XP
 B = Vault XP
 C = Vault XP percentage of total XP
 D = Non-vault monster count
 E = Vault monster count
 F = Vault count percentage of total count
                 A         B        C        D         E       F
            +---------+---------+-------+---------+---------+-------
      Total |     546 |     187 |  25.5 |      92 |       6 |   6.1
            +---------+---------+-------+---------+---------+-------
        D:1 |      28 |       0 |   0.0 |      20 |       0 |   0.0
        D:2 |      71 |       0 |   0.0 |      27 |       0 |   0.0
        D:3 |     220 |      34 |  13.4 |      35 |       5 |  12.5
        D:4 |     227 |     153 |  40.3 |      10 |       1 |   9.1
            +---------+---------+-------+---------+---------+-------
